 Dungeon Crawl Stone Soup version 0.30-a0-840-ga523dec638 (webtiles) character file.

Game seed: 8696355875820285002

606 hikkokomori the Digger (level 7, -7/60 HPs)
             Began as a Grey Draconian Earth Elementalist on Mar 2, 2023.
             Mangled by an ogre
             ... wielding a +0 giant spiked club
              (27 damage)
             ... on level 6 of the Dungeon.
             The game lasted 00:08:40 (4057 turns).

hikkokomori the Digger (DrEE)                       Turns: 4057, Time: 00:08:40

Health: -7/60      AC: 13    Str: 10    XL:     7   Next: 19%
Magic:  1/10       EV: 12    Int: 18    God:
Gold:   256        SH:  0    Dex: 11    Spells: 6/10 levels left

rFire   . . .      SeeInvis +    d - +0 dagger
rCold   . . .      Faith    .    (no shield)
rNeg    . . .      Spirit   .    (body armour unavailable)
rPois   +          Reflect  .    (helmet restricted)
rElec   .          Harm     .    r - +0 cloak
rCorr   .          Rampage  .    a - +0 pair of gloves
Will    .....                    (no boots)
Stlth   +++                      (no amulet)
HPRegen 0.30/turn                b - ring of see invisible
MPRegen 0.12/turn                w - ring of poison resistance

@: no status effects
A: AC +11, amphibious, unfitting armour, cold-blooded
a: no special abilities


You were on level 6 of the Dungeon.
You visited 1 branch of the dungeon, and saw 6 of its levels.

You collected 256 gold pieces.

Inventory:

Hand Weapons
 d - a +0 dagger (weapon)
Missiles
 x - 6 poisoned darts
Armour
 a - a +0 pair of gloves (worn)
 e - a scarf of invisibility
 r - a +0 cloak (worn)
Magical Staves
 A - a staff of cold
Jewellery
 b - a ring of see invisible (left hand)
 w - a ring of poison resistance (right hand)
Scrolls
 c - a scroll of fog {unknown}
 f - a scroll of noise {unknown}
 g - a scroll of immolation {unknown}
 h - a scroll of teleportation
 k - a scroll of blinking {unknown}
 o - a scroll of poison {unknown}
 p - 2 scrolls of vulnerability
 q - 2 scrolls of identify
 v - a scroll of silence {unknown}
 y - a scroll of fear {unknown}
 z - a scroll of enchant weapon {unknown}
Potions
 i - 2 potions of degeneration {unknown}
 j - a potion of might {unknown}
 l - 3 potions of flight
 m - a potion of mutation {unknown}
 n - 2 potions of heal wounds {unknown}
 s - a potion of attraction {unknown}
 t - 3 potions of curing {unknown}
 u - a potion of resistance {unknown}


   Skills:
 + Level 4.4 Fighting
 - Level 1.9 Dodging
 + Level 4.6 Stealth
 + Level 2.1 Spellcasting
 + Level 0.0 Conjurations
 - Level 1.2 Transmutations
 + Level 6.4 Earth Magic


You had 6 spell levels left.
You knew the following spells:

 Your Spells              Type           Power      Damage    Failure   Level
a - Sandblast             Erth           50%        2d12      1%          1
b - Stone Arrow           Conj/Erth      26%        3d8       14%         3

Your spell library contained the following spells:

 Spells                   Type           Power      Damage    Failure   Level
 Passwall                 Tmut/Erth      12%        N/A       5%          2
 Necrotise                Necr           4%         1d4       19%         1
 Petrify                  Tmut/Erth      15%        N/A       36%         4
 Vampiric Draining        Necr           1%         2d6       47%         3
 Agony                    Necr           1%         N/A       99%         5


Dungeon Overview and Level Annotations

Branches:
Dungeon (6/15)
 Temple: D:4-7

Altars:
Okawaru
Zin

Annotations:
D:5 Edmund


Innate Abilities, Weirdness & Mutations

Your dull iron-grey scales are very hard. (AC +11)
You are amphibious.
You cannot fit into any form of body armour.
You are cold-blooded and may be slowed by cold attacks.


Message History

The howler monkey closely misses you. The orc hits you but does no damage.
You hit the howler monkey. You punch the howler monkey.
The howler monkey is severely wounded.
The howler monkey closely misses you. The orc barely misses you.
You barely miss the howler monkey.
The howler monkey is severely wounded.
The howler monkey hits you.
The howler monkey hoots and howls with incredible vigour!
The orc hits you but does no damage.
You hit the howler monkey but do no damage.
The howler monkey is severely wounded.
The howler monkey barely misses you. The orc closely misses you.
You hit the howler monkey.
The howler monkey is almost dead.
The howler monkey misses you. The ogre misses you.
The orc hits you but does no damage.
You hit the howler monkey but do no damage.
Your tail-slap misses the howler monkey.
The howler monkey is almost dead.
The howler monkey barely misses you.
The orc hits you with a +1 dagger of holy wrath.
You barely miss the howler monkey.
The howler monkey is almost dead.
The howler monkey closely misses you. The ogre closely misses you.
The orc closely misses you.
You closely miss the howler monkey.
Your tail-slap misses the howler monkey.
The howler monkey is almost dead.
The howler monkey hits you but does no damage.
The howler monkey hoots and howls with incredible vigour!
The ogre hits you with a +0 giant spiked club!!
The orc closely misses you.
You are too injured to fight recklessly!
You are too injured to fight recklessly!
The orc attacks as you move away! The orc hits you but does no damage.
The howler monkey attacks as you move away!
The howler monkey hits you. The ogre attacks as you move away!
The ogre hits you with a +0 giant spiked club!!
You die...

#.# ... #.##.##.
##.#..... ##.....#
#...#
#.#.#####.#.#####.#.
...........ho.......
...#####..#O#)......
......><.@.#.###.#.
.#####..#..#.#
#+###.#.# #.#.#
#.#.. +...# ##. #.


You could see an ogre, a howler monkey and an orc.

Vanquished Creatures
  An ogre (D:4)
  A phantom (D:5)
  4 scorpions
  A hound (D:3)
  Terence (D:3)
  2 iguanas (D:4)
  An adder (D:3)
  A shadow imp (D:5)
  3 worms
  3 dart slugs
  6 orcs
  8 endoplasms
  5 giant cockroaches
  2 goblins
  4 hobgoblins
  6 jackals
  2 quokkas
  2 ball pythons
  5 bats
  5 frilled lizards
  5 kobolds (D:2)
  6 rats
74 creatures vanquished.

Notes
Turn   | Place    | Note
-------+----------+-------------------------------------------
     0 | D:1      | hikkokomori the Draconian Earth Elementalist began the
                  | quest for the Orb.
     0 | D:1      | Reached XP level 1. HP: 14/14 MP: 3/3
   165 | D:1      | Reached XP level 2. HP: 20/20 MP: 1/5
   270 | D:1      | Found a faded altar of an unknown god.
   709 | D:1      | Reached skill level 1 in Fighting
   865 | D:2      | Reached XP level 3. HP: 28/28 MP: 0/6
   942 | D:2      | Found a glowing silver altar of Zin.
  1732 | D:3      | Reached XP level 4. HP: 36/36 MP: 4/7
  1920 | D:3      | Found an iron altar of Okawaru.
  2098 | D:3      | Noticed Terence
  2110 | D:3      | Killed Terence
  2430 | D:4      | Noticed a scorpion
  2439 | D:4      | Killed a scorpion
  2440 | D:4      | Reached skill level 4 in Earth Magic
  2440 | D:4      | Reached XP level 5. HP: 42/42 MP: 0/8
  3228 | D:4      | Reached XP level 6. HP: 50/51 MP: 2/9
  3383 | D:5      | Entered Level 5 of the Dungeon
  3497 | D:5      | Reached skill level 5 in Earth Magic
  3747 | D:5      | Noticed Edmund
  3773 | D:4      | Your scales start taking on a dull iron-grey colour.
  3773 | D:4      | Reached skill level 6 in Earth Magic
  3773 | D:4      | Reached XP level 7. HP: 23/59 MP: 4/10
  3960 | D:5      | Learned a level 3 spell: Stone Arrow
  4057 | D:6      | Mangled by an ogre

Illustrated notes

Levels and vault maps discovered:
D:1:      giann_bridges, layout_basic, hellmonk_ecumenical_altar_zigzags,
          minmay_tromino_v4_a
D:2:      layout_basic, basic_altar
D:3:      layout_basic, okawaru_ov_weapons_minmay, nrook_mini_vaults,
          uniq_terence
D:4:      layout_loops_cross, chequers_serial_rivers_room_b
D:5:      layout_gridville, minmay_misc_feat_pillars, wad_floor_pattern_1,
          uniq_edmund
D:6:      layout_basic, kennysheep_mini_moat, temple_fountains, minivault_26,
          grunt_decor_cap, nicolae_hexahallways

Skill      XL: |  1  2  3  4  5  6 |
---------------+-------------------+-----
Stealth        | 2 3 4 |  4.6
Fighting       | 1 2 3 4 |  4.4
Earth Magic    | 4 6 |  6.4
Dodging        | |  1.9
Spellcasting   | |  2.1
Transmutations | |  1.2

Action                     |  1- 3 |  4- 6 |  7- 9 || total
---------------------------+-------+-------+-------++-------
  Melee: Dagger            |    21 |    12 |    14 ||    47
         Tailslap          |     4 |     1 |     1 ||     6
         Punch             |       |       |     1 ||     1
  Throw: Dart              |       |       |     3 ||     3
   Cast: Sandblast         |    60 |    92 |    19 ||   171
    Use: Potion            |       |     1 |       ||     1
         Scroll            |       |       |     3 ||     3
 Armour: Skin              |    21 |    27 |    18 ||    66
  Dodge: Dodged            |    35 |    45 |    38 ||   118

Table legend: (Time is in decaauts)
 A = Elapsed time spent in this place.
 B = Non-inter-level travel time spent in this place.
 C = Inter-level travel time spent in this place.
 D = Time resting spent in this place.
 E = Time spent auto-exploring this place.
 F = Levels seen in this place.
 G = Mean time per level.
                   A        B        C        D        E       F      G
               +--------+--------+--------+--------+--------+-----+--------+
         Total |   4154 |   4045 |    109 |    266 |   3053 |   6 |  692.3 |
       Dungeon |   4154 |   4045 |    109 |    266 |   3053 |   6 |  692.3 |
               +--------+--------+--------+--------+--------+-----+--------+

Top non-repeatable levels by time:
     D:4: 1224 daAuts
     D:1: 924 daAuts
     D:2: 822 daAuts
     D:3: 666 daAuts
     D:5: 473 daAuts
     D:6: 42 daAuts
